 Dungeon Crawl Stone Soup version 0.18.1-50-g88ac8fd (webtiles) character file.

42 RudyRod the Skirmisher (level 3, 0/34 HPs)
             Began as a Naga Fighter on Oct 11, 2016.
             Succumbed to a worker ant's poison
             ... on level 3 of the Dungeon.
             The game lasted 00:04:29 (1788 turns).

RudyRod the Skirmisher (Naga Fighter)               Turns: 1788, Time: 00:04:30

Health: 0/34       AC:  4    Str: 19    XL:     3   Next: 56%
Magic:  3/3        EV:  5    Int:  8    God:
Gold:   39         SH:  8    Dex:  7    Spells: 0 memorised, 2 levels left

rFire  . . .     SeeInvis +     a - +0 long sword
rCold  . . .     Gourm    .     b - +0 scale mail
rNeg   . . .     Faith    .     c - +0 shield
rPois  +         Spirit   .     (no helmet)
rElec  .         Dismiss  .     (no cloak)
rCorr  .         Reflect  .     (no gloves)
SustAt .         Harm     .     (no barding)
MR     .....                    (no amulet)
Stlth  ..........               (no ring)
                                g - -3 ring of dexterity (curse)

@: lethally poisoned (0 -> -7), very slow, not resistant to hostile
enchantments, extremely unstealthy
A: see invisible, deformed body, poison resistance, slowness 2, slow metabolism
1, spit poison 2, AC +1
a: Spit Poison


You were on level 3 of the Dungeon.
You were not hungry.

You visited 1 branch of the dungeon, and saw 4 of its levels.

You collected 39 gold pieces.

Inventory:

Hand Weapons
 a - a +0 long sword (weapon)
Armour
 b - a +0 scale mail (worn)
 c - a +0 shield (worn)
Jewellery
 g - a cursed -3 ring of dexterity (left hand)
Potions
 d - a potion of might
 e - 2 potions of lignification {unknown}
 h - a potion of flight {unknown}
 i - 2 potions of curing {unknown}
 k - a potion of agility {unknown}
 m - a potion of haste {unknown}
Comestibles
 f - a bread ration
 j - a meat ration
 l - 6 chunks of flesh


   Skills:
 + Level 3.2 Fighting
 + Level 2.1 Long Blades
 + Level 3.0 Armour
 + Level 1.0 Dodging
 + Level 2.6 Shields


You had 2 spell levels left.
You didn't know any spells.

Dungeon Overview and Level Annotations

Branches:
Dungeon (4/15)
 Temple: D:4-7

Altars:


Innate Abilities, Weirdness & Mutations

You cannot wear boots.
Your serpentine skin is tough (AC +1).
You have supernaturally acute eyesight.
Armour fits poorly on your strangely shaped body.
Your system is resistant to poisons.
You cover ground very slowly.
You have a slow metabolism.
You can spit poison.


Message History

The worker ant poisons you!
The gnoll hits you from afar with a spear.
The gnoll hits you but does no damage.
A hobgoblin comes into view. It is wielding a club.
You feel sick.
You feel sick.
The worker ant bites you but does no damage.
The gnoll hits you from afar with a spear.
* * * LOW HITPOINT WARNING * * *
You feel sick. The worker ant bites you.
* * * LOW HITPOINT WARNING * * *
* * * LOW HITPOINT WARNING * * *
You feel sick.
* * * LOW HITPOINT WARNING * * *
You feel sick. The worker ant bites you.
* * * LOW HITPOINT WARNING * * *
You block the gnoll's attack.
* * * LOW HITPOINT WARNING * * *
You feel sick. The worker ant closely misses you.
You die...

####### #.....##
##################......#
.?..[...............(...#
..............###.......#
.###............# ##......# .#
...............# #.....###.#
#.............####.....###.#
#..........@..##............
#.............##............
###........a....##............
.........gg.....##............
#####.....g......##............
.........g.......#######..###)#
.##.............# ##.# #.#
#.##'########## #.# #.# #+ #w#
#.. #.#


You could see a worker ant and 4 gnolls.

Vanquished Creatures
  A giant gecko (D:1)
  5 orcs (D:3)
  4 bats (D:1)
  2 giant cockroaches (D:3)
  4 goblins (D:1)
  6 hobgoblins (D:1)
  A ball python (D:1)
  6 kobolds (D:1)
  5 rats (D:1)
34 creatures vanquished.

Notes
Turn   | Place    | Note
--------------------------------------------------------------
     0 | D:1      | RudyRod the Naga Fighter began the quest for the Orb.
     0 | D:1      | Reached XP level 1. HP: 21/21 MP: 1/1
     3 | D:1      | Noticed an electric eel
     4 | D:1      | Noticed an electric eel
   343 | D:1      | Reached XP level 2. HP: 10/28 MP: 2/2
  1209 | D:1      | Reached XP level 3. HP: 32/34 MP: 3/3
  1289 | D:1      | Reached skill level 1 in Dodging
  1680 | D:2      | You fall through a shaft for 2 floors!
  1787 | D:3      | HP: 1/34 [poisoned by a worker ant]
  1788 | D:3      | Succumbed to a worker ant's poison

Skill      XL: |  1  2  3 |
---------------+----------+-----
Dodging        | 1 |  1.0
Armour         | 3 |  3.0
Fighting       | |  3.2
Long Blades    | |  2.1
Shields        | |  2.6

Action                   || total
-------------------------++-------
Melee: Long sword        ||   121
 Abil: Spit Poison       ||     4
  Use: Scroll            ||     1
  Eat: Chunk             ||     2
Armor: Scale mail        ||    62
Dodge: Dodged            ||    33
Block: Shield            ||    62
